 Dungeon Crawl Stone Soup version 0.29-a0-555-g3b24f45cc1 (webtiles) character file.

Game seed: 18005156913740437631

111087 MechDurjaeses the Nimble (level 16, -5/127 HPs)
             Began as a Gnoll Gladiator on June 7, 2022.
             Was the Champion of Cheibriados.
             Killed from afar by Azrael (6 damage)
             ... with a fireball
             ... on level 14 of the Dungeon.
             The game lasted 01:43:19 (27439 turns).

MechDurjaeses the Nimble (Gnoll Gladiator)         Turns: 27439, Time: 01:43:19

Health: -5/127     AC: 25    Str: 30    XL:     16   Next: 56%
Magic:  31/31      EV: 26    Int: 28    God:    Cheibriados [******]
Gold:   2007       SH:  5    Dex: 32    Spells: 6/37 levels left

rFire   + . .      SeeInvis +   f - +5 bardiche of Viozulom {vamp, rN++}
rCold   . . .      Faith    .   (shield currently unavailable)
rNeg    + + .      Spirit   .   r - +5 ring mail {rF+}
rPois   .          Reflect  +   B - +2 helmet {SInv}
rElec   .          Harm     .   L - +2 cloak
rCorr   .          Rampage  .   W - +2 pair of gloves
Will    ++...                   m - +1 pair of boots
Stlth   +++++.....              y - amulet of reflection
HPRegen 0.31/turn               E - ring of willpower
MPRegen 0.22/turn               v - +4 ring of slaying

@: very slow
A: fangs 1, strong nose, distributed training, agile 1, wild magic 1
a: Renounce Religion, Bend Time, Temporal Distortion, Slouch, Step From Time


You were on level 14 of the Dungeon.
You worshipped Cheibriados.
Cheibriados was exalted by your worship.
You visited 4 branches of the dungeon, and saw 24 of its levels.
You also visited: Bailey and Volcano.

You collected 2265 gold pieces.
You spent 258 gold pieces at shops.

Inventory:

Hand Weapons
 f - the +5 bardiche of Viozulom (weapon) {vamp, rN++}
   (You acquired it on level 2 of the Dungeon)

   It occasionally heals its wielder for a portion of the damage dealt when it
   wounds a living foe.
   rN:        It greatly protects you from negative energy.
 k - a +2 broad axe of flaming
 n - the +5 whip of the Final Decision {vorpal, rC+ Str+6}
   (You took it off a kobold on level 2 of the Dungeon)

   It inflicts extra damage upon your enemies.
   Str:       It affects your strength (+6).
   rC:        It protects you from cold.
 M - a +9 trident of protection
 S - the +10 short sword of Zackutis {flame, Stlth+}
   (You took it off a spriggan on level 6 of the Lair of Beasts)

   It burns those it strikes, dealing additional fire damage.
   Stlth:     It makes you more stealthy.
Missiles
 t - a throwing net
 H - 9 curare-tipped darts (quivered)
Armour
 c - the +4 ring mail of the Tundras {rPois rN+}
   (You found it on level 10 of the Dungeon)

   rPois:     It protects you from poison.
   rN:        It protects you from negative energy.
 m - a +1 pair of boots (worn)
 r - a +5 ring mail of fire resistance (worn)
 s - a +0 kite shield
 B - a +2 helmet of see invisible (worn)
 L - a +2 cloak (worn)
 N - the +2 robe "Quathosia" {Archmagi}
   (You found it on level 2 of the Lair of Beasts)

   Archmagi:  It increases the power of your magical spells.
 T - a +0 plate armour of cold resistance
 W - a +2 pair of gloves (worn)
Jewellery
 h - the ring of Xisif {Fire Dex+4}
   (You found it on level 6 of the Lair of Beasts)

   [ring of fire]

   It enhances your fire magic.
   Dex:       It affects your dexterity (+4).
   rF:        It protects you from fire.
   rC:        It makes you vulnerable to cold.
 i - a +6 ring of dexterity
 v - a +4 ring of slaying (right hand)
 x - a ring of positive energy
 y - an amulet of reflection (around neck)
 A - a +4 ring of protection
 C - an amulet of the acrobat
 E - a ring of willpower (left hand)
 J - an amulet of regeneration
 O - a ring of protection from cold
 V - a +6 ring of strength
 Z - a +6 ring of intelligence
Wands
 d - a wand of acid (7)
 p - a wand of iceblast (22)
 q - a wand of digging (10)
 F - a wand of polymorph (19)
 K - a wand of mindburst (6)
 R - a wand of charming (5)
Scrolls
 e - a scroll of blinking
 g - 4 scrolls of immolation
 l - a scroll of poison
 o - a scroll of silence
 w - a scroll of summoning
 D - 3 scrolls of amnesia
 I - 2 scrolls of fog
 P - a scroll of torment
 Q - a scroll of fear
 U - 2 scrolls of magic mapping
Potions
 a - 7 potions of curing
 b - 2 potions of might
 j - 4 potions of cancellation
 u - 6 potions of attraction
 z - 3 potions of ambrosia
 G - 3 potions of brilliance
 X - a potion of resistance
 Y - a potion of magic


   Skills:
 + Level 11.9 Fighting
 + Level 11.0 Short Blades
 + Level 11.0 Long Blades
 + Level 11.0 Axes
 + Level 11.0 Maces & Flails
 + Level 12.7 Polearms
 + Level 11.0 Staves
 + Level 11.0 Slings
 + Level 11.0 Bows
 + Level 11.0 Crossbows
 + Level 11.9 Throwing
 + Level 11.0 Armour
 + Level 12.7 Dodging
 + Level 11.0 Stealth
 + Level 11.0 Shields
 + Level 11.0 Unarmed Combat
 + Level 11.0 Spellcasting
 + Level 9.2 Conjurations
 + Level 9.2 Hexes
 + Level 9.2 Summonings
 + Level 9.2 Necromancy
 + Level 9.2 Translocations
 + Level 9.2 Transmutations
 + Level 9.2 Fire Magic
 + Level 9.2 Ice Magic
 + Level 9.2 Air Magic
 + Level 9.2 Earth Magic
 + Level 9.2 Poison Magic
 + Level 11.9 Invocations
 + Level 11.0 Evocations


You had 6 spell levels left.
You knew the following spells:

 Your Spells              Type           Power      Damage    Failure   Level
a - Shock                 Conj/Air       100%       1d9       1%          1
b - Petrify               Tmut/Erth      73%        N/A       2%          4
c - Vampiric Draining     Necr           73%        2d11      1%          3
d - Irradiate             Conj/Tmut      36%        3d25      5%          5
e - Summon Forest         Summ/Tloc      36%        N/A       5%          5
f - Iron Shot             Conj/Erth      36%        9d7       22%         6
g - Fireball              Conj/Fire      36%        3d15      5%          5
h - Ensorcelled Hibernat  Hex/Ice        100%       N/A       1%          2

Your spell library contained the following spells:

 Spells                   Type           Power      Damage    Failure   Level
 Necrotize                Necr           100%       1d9       1%          1
 Passwall                 Tmut/Erth      60%        N/A       1%          2
 Sublimation of Blood     Necr           73%        N/A       1%          2
 Swiftness                Air            73%        N/A       1%          3
 Airstrike                Air            36%        N/A       2%          4
 Agony                    Necr           73%        N/A       5%          5
 Iskenderun's Battlesphe  Conj           73%        2d12      5%          5
 Eringya's Noxious Bog    Tmut/Pois      36%        N/A       22%         6
 Starburst                Conj/Fire      36%        6d11      22%         6
 Spellforged Servitor     Conj/Summ      36%        N/A       73%         7
 Summon Hydra             Summ           36%        N/A       73%         7
 Ignition                 Fire           36%        3d11      100%        8


Dungeon Overview and Level Annotations

Branches:
Dungeon (15/15)            Temple (1/1) D:4            Lair (6/6) D:8
 Shoals (0/4) Lair:3        Snake (0/4) Lair:3        Slime (0/5) Lair:5
    Orc (2/2) D:9             Elf (0/3) Orc:2        Vaults (0/5) D:13
 Bailey (visited)         Volcano (visited)
 Depths: D:15

Altars:
Ashenzari
Cheibriados
Dithmenos
Elyvilon
Fedhas
Gozag
Hepliaklqana
Kikubaaqudgha
Makhleb
Nemelex Xobeh
Okawaru
Qazlal
Ru
Sif Muna
Trog
Uskayaw
Vehumet
Wu Jian
Xom
Yredelemnul
Zin
The Shining One
Beogh
Jiyva
Lugonu

Shops:
D:1 =   D:5 (=!   D:8 ?   Orc:2 ??![

Portals:
Abyss: Lair:6

Annotations:
D:14 Azrael
Lair:6 pigah's ghost, journeyman OpAE


Innate Abilities, Weirdness & Mutations

You have very sharp teeth.
Your uncanny sense of smell can sniff out nearby items.
Your experience applies equally to all skills.
You are agile. (Dex +2)
Your spells are a little harder to cast, but a little more powerful.


Message History

You hear two shouts!
You hear a shout!
You hear two shouts!
You hear a shout!
You are too injured to fight recklessly!
Unknown command.
You are too injured to fight recklessly!
Azrael gestures at you.
The sphere of damnation explodes!
The damnation engulfs you!!
* * * LOW HITPOINT WARNING * * *
You hear two shouts!
There is a stone staircase leading up here.
You are confused.
You feel invigorated. Azrael hits you but does no damage.
You're too confused to cast spells.
You hit Azrael.
Azrael is lightly wounded.
Azrael gestures at you. The sticky flame misses you.
You bump into the rock wall.
You feel less invigorated.
You feel less confused. Azrael gestures at you.
The fireball explodes!
The fireball engulfs you but does no damage.
The fireball engulfs Azrael.
Azrael completely resists.
You hear two shouts!
You slice Azrael!!
Azrael is moderately wounded.
Azrael gestures at you.
The sphere of damnation explodes!
The damnation engulfs you!!
* * * LOW HITPOINT WARNING * * *
The damnation engulfs Azrael.
Azrael completely resists.
Azrael gestures at you. The bolt of fire misses you. Azrael closely misses you.
You climb upwards.
There is a stone staircase leading down, spattered with blood here.
Azrael gestures at you.
The fireball explodes!
The fireball engulfs you!! You resist.
* * * LOW HITPOINT WARNING * * *
Azrael gestures at you.
The fireball explodes!
The fireball engulfs you. You resist.
You die...

.......#
#.#..##.#..#........####
##########.......#..#.##.#.###
#.............#...#.#
#.###........###.##.# #.#
#.###.#.#.#.###.# #.#
#.......##.####.### ##.#
#####.#####.......# #..#
###.### #.###.#.# #.####
#.†@).# #.###.#.# #....#
#.>)..# #.#...#.# #....#
#.[R..# #.#...#.# ##...#
#.....# #.......# ##.##
#.....# #.......# #.#
#########.......# #.#
#...).....### #.###
#.#####...#
#.#.######.#####..##


You could see Azrael.

Vanquished Creatures
  Rupert (D:14)
  The ghost of Kemec the Thaumaturge, a journeyman DjCj of Zin (D:12)
  An ettin (Orc:2)
  Josephine (D:14)
  2 vault guards (Bailey)
  2 catoblepae
  3 boulder beetles
  6 hydras
  9 centaur warriors
  8 two-headed ogres
  A tengu warrior (D:12)
  A satyr (shapeshifter) (D:10)
  A death yak (Lair:4)
  An orc high priest (Orc:2)
  4 thrashing horrors (Lair:6)
  A deep elf knight (D:13)
  Sonja (D:12)
  Nergalle (Orc:1)
  A fire crab (shapeshifter) (Lair:6)
  A skeletal warrior (D:13)
  A lindwurm (Lair:5)
  3 deep elf pyromancers
  An obsidian statue (Volcano)
  4 orc knights
  A wolf spider (D:13)
  A deep elf zephyrmancer (D:13)
  8 orc sorcerers
  3 manticores
  10 cyclopes
  6 ugly things
  2 moths of wrath (D:12)
  A merfolk siren (Lair:3)
  15 elephants
  7 black mambas
  4 centaur skeletons (D:13)
  2 gargoyles
  3 smoke demons
  14 cane toads
  An unseen horror (D:13)
  3 kobold demonologists
  15 komodo dragons
  2 efreet (D:13)
  5 rime drakes
  A tengu conjurer (D:13)
  A queen bee (Lair:3)
  An ancient zyme (Lair:6)
  9 trolls
  A merfolk (Lair:3)
  A hornet (shapeshifter) (Lair:6)
  A polar bear (Lair:6)
  2 hornets
  Prince Ribbit (D:5)
  23 blink frogs
  9 dream sheep (Lair:6)
  A shadow (D:12)
  Sigmund (D:3)
  2 spriggans (Lair:6)
  A vampire (D:13)
  2 water elementals (D:14)
  5 ynoxinuls (Lair:6)
  6 wraiths
  55 yaks
  8 basilisks
  5 fire bats (Volcano)
  2 wyverns
  3 steam dragons
  A fire elemental (D:14)
  A chaos spawn (Lair:6)
  2 humans (Bailey)
  2 vampire mosquitoes (D:13)
  A catoblepas simulacrum (Lair:6)
  2 death yak simulacra (Lair:6)
  A warg (Orc:1)
  A large abomination (Lair:6)
  2 acid dragons
  19 water moccasins
  13 small abominations (Lair:6)
  2 hydra simulacra (Lair:6)
  6 hell hounds
  A sky beast (D:7)
  26 orc warriors
  5 black bears
  4 ogres
  10 centaurs
  30 wolves
  5 kobold brigands
  A scorpion (D:5)
  25 bullfrogs
  3 gnoll sergeants
  A cane toad simulacrum (Lair:6)
  8 wights
  25 killer bees
  4 electric eels
  5 lava snakes (Volcano)
  5 howler monkeys
  A jelly (D:4)
  Crazy Yiuf (D:7)
  34 orc priests
  9 hounds
  An iguana (D:7)
  Ijyb (D:3)
  38 orc wizards
  23 gnolls
  3 adders
  2 shadow imps
  5 white imps
  An ufetubus (D:7)
  2 worms (D:3)
  A dart slug (D:1)
  69 orcs
  3 bats
  3 endoplasms
  6 giant cockroaches
  9 goblins
  5 hobgoblins
  7 jackals
  5 quokkas
  6 ball pythons
  2 frilled lizards (D:1)
  26 kobolds
  6 rats
780 creatures vanquished.

Vanquished Creatures (collateral kills)
  5 death yaks (Lair:4)
  5 elephants
  A rime drake (Lair:3)
  A wolf (Lair:4)
12 creatures vanquished.

Vanquished Creatures (others)
  A rime drake (Lair:6)
  An orc (Orc:2)
  A bush (Lair:6)
  40 fungi
  79 plants
  3 snaplasher vines (Lair:4)
125 creatures vanquished.

Grand Total: 917 creatures vanquished

Notes
Turn   | Place    | Note
-------+----------+-------------------------------------------
     0 | D:1      | MechDurjaeses the Gnoll Gladiator began the quest for the
                  | Orb.
     0 | D:1      | Reached XP level 1. HP: 20/20 MP: 1/1
   120 | D:1      | Reached XP level 2. HP: 26/26 MP: 2/2
   417 | D:1      | Found a faded altar of an unknown god.
   624 | D:1      | Reached XP level 3. HP: 9/31 MP: 3/3
   938 | D:1      | Found Dyssogepp's Jewellery Shop.
  1547 | D:2      | Reached skill level 1 in Invocations
  1886 | D:2      | Identified a scroll of acquirement
  1887 | D:2      | Acquired the +5 bardiche of Viozulom {vamp, rN++}
  2109 | D:2      | Identified the +5 whip of the Final Decision {vorpal, rC+
                  | Str+6}
  2112 | D:2      | Reached skill level 1 in Short Blades
  2112 | D:2      | Reached skill level 1 in Long Blades
  2112 | D:2      | Reached skill level 1 in Axes
  2112 | D:2      | Reached skill level 1 in Maces & Flails
  2112 | D:2      | Reached skill level 1 in Staves
  2112 | D:2      | Reached skill level 1 in Slings
  2112 | D:2      | Reached skill level 1 in Bows
  2112 | D:2      | Reached skill level 1 in Crossbows
  2112 | D:2      | Reached skill level 1 in Armour
  2112 | D:2      | Reached skill level 1 in Stealth
  2112 | D:2      | Reached skill level 1 in Shields
  2112 | D:2      | Reached skill level 1 in Unarmed Combat
  2112 | D:2      | Reached skill level 1 in Spellcasting
  2112 | D:2      | Reached skill level 1 in Evocations
  2419 | D:3      | Reached XP level 4. HP: 38/38 MP: 5/5
  2477 | D:3      | Noticed Sigmund
  2495 | D:3      | Killed Sigmund
  2496 | D:3      | Reached skill level 1 in Conjurations
  2496 | D:3      | Reached skill level 1 in Hexes
  2496 | D:3      | Reached skill level 1 in Summonings
  2496 | D:3      | Reached skill level 1 in Necromancy
  2496 | D:3      | Reached skill level 1 in Translocations
  2496 | D:3      | Reached skill level 1 in Transmutations
  2496 | D:3      | Reached skill level 1 in Fire Magic
  2496 | D:3      | Reached skill level 1 in Ice Magic
  2496 | D:3      | Reached skill level 1 in Air Magic
  2496 | D:3      | Reached skill level 1 in Earth Magic
  2496 | D:3      | Reached skill level 1 in Poison Magic
  2496 | D:3      | Reached XP level 5. HP: 16/43 MP: 5/7
  2729 | D:3      | Noticed Ijyb
  2733 | D:3      | Killed Ijyb
  2734 | D:3      | Reached XP level 6. HP: 50/50 MP: 8/8
  2807 | D:3      | Found the +3 woodcutter's axe {vorpal}
  2819 | D:3      | Reached skill level 5 in Fighting
  2819 | D:3      | Reached skill level 5 in Throwing
  4187 | D:4      | Found a staircase to the Ecumenical Temple.
  4510 | Temple   | Entered the Ecumenical Temple
  4772 | Temple   | Became a worshipper of Cheibriados the Contemplative
  4859 | D:4      | Reached XP level 7. HP: 56/56 MP: 10/10
  5280 | D:4      | Learned a level 1 spell: Shock
  5390 | D:5      | Entered Level 5 of the Dungeon
  5532 | D:5      | Found Ceizouh's Distillery.
  5540 | D:5      | Bought a potion of heal wounds for 65 gold pieces
  5712 | D:5      | Found an ornate altar of the Wu Jian Council.
  5788 | D:5      | Reached XP level 8. HP: 60/63 MP: 12/12
  5817 | D:5      | Found Tein's Weapon Emporium.
  5821 | D:5      | Noticed Prince Ribbit
  5839 | D:5      | Killed Prince Ribbit
  5942 | D:5      | Found Ciximaw's Jewellery Emporium.
  6229 | D:6      | Reached * piety under Cheibriados
  6894 | D:6      | Reached XP level 9. HP: 42/69 MP: 14/14
  7288 | D:7      | Noticed a kobold demonologist
  7295 | D:7      | Reached ** piety under Cheibriados
  7372 | D:7      | Noticed a kobold demonologist
  7380 | D:7      | Noticed an orange demon
  7381 | D:7      | Killed a kobold demonologist
  7448 | D:7      | Found a runed translucent door.
  7449 | D:7      | Noticed Crazy Yiuf
  7499 | D:7      | Killed Crazy Yiuf
  7563 | D:7      | Killed a kobold demonologist
  7632 | D:7      | Reached skill level 5 in Invocations
  7698 | D:7      | You fall into a shaft and drop 2 floors!
  7732 | D:9      | Noticed a two-headed ogre
  7741 | D:9      | Killed a two-headed ogre
  7742 | D:9      | Reached XP level 10. HP: 67/77 MP: 15/17
  7804 | D:9      | Reached *** piety under Cheibriados
  7810 | D:9      | Reached skill level 5 in Short Blades
  7810 | D:9      | Reached skill level 5 in Long Blades
  7810 | D:9      | Reached skill level 5 in Axes
  7810 | D:9      | Reached skill level 5 in Maces & Flails
  7810 | D:9      | Reached skill level 5 in Staves
  7810 | D:9      | Reached skill level 5 in Slings
  7810 | D:9      | Reached skill level 5 in Bows
  7810 | D:9      | Reached skill level 5 in Crossbows
  7810 | D:9      | Reached skill level 5 in Armour
  7810 | D:9      | Reached skill level 5 in Stealth
  7810 | D:9      | Reached skill level 5 in Shields
  7810 | D:9      | Reached skill level 5 in Unarmed Combat
  7810 | D:9      | Reached skill level 5 in Spellcasting
  7810 | D:9      | Reached skill level 5 in Evocations
  7895 | D:9      | Reached **** piety under Cheibriados
  7901 | D:9      | Found a staircase to the Orcish Mines.
  8373 | D:8      | Found a staircase to the Lair.
  8407 | D:8      | Found Allunn's Magic Scroll Shoppe.
  8413 | D:8      | Bought a scroll of enchant armour for 105 gold pieces
  8671 | D:7      | Reached ***** piety under Cheibriados
  9422 | D:9      | Reached XP level 11. HP: 84/84 MP: 19/19
  9560 | D:9      | Identified the +0 leather armour of Ceas {+Blink +Inv Str-3
                  | SInv}
  9959 | D:10     | Entered Level 10 of the Dungeon
  9988 | D:10     | Found a flagged portal.
 10008 | Bailey   | Entered a bailey
 10069 | Bailey   | Reached skill level 5 in Conjurations
 10069 | Bailey   | Reached skill level 5 in Hexes
 10069 | Bailey   | Reached skill level 5 in Summonings
 10069 | Bailey   | Reached skill level 5 in Necromancy
 10069 | Bailey   | Reached skill level 5 in Translocations
 10069 | Bailey   | Reached skill level 5 in Transmutations
 10069 | Bailey   | Reached skill level 5 in Fire Magic
 10069 | Bailey   | Reached skill level 5 in Ice Magic
 10069 | Bailey   | Reached skill level 5 in Air Magic
 10069 | Bailey   | Reached skill level 5 in Earth Magic
 10069 | Bailey   | Reached skill level 5 in Poison Magic
 10245 | Bailey   | Noticed a vault guard
 10254 | Bailey   | Killed a vault guard
 10294 | Bailey   | Noticed a vault guard
 10305 | Bailey   | Killed a vault guard
 10693 | D:10     | Noticed a two-headed ogre
 10699 | D:10     | Killed a two-headed ogre
 10857 | D:10     | Noticed a centaur warrior
 10861 | D:10     | Killed a centaur warrior
 10863 | D:10     | Noticed a five-headed hydra
 10874 | D:10     | Killed a five-headed hydra
 10877 | D:10     | Noticed a manticore
 10920 | D:10     | Noticed a cyclops
 11084 | D:10     | Noticed a centaur warrior
 11096 | D:10     | Killed a centaur warrior
 11097 | D:10     | Reached XP level 12. HP: 55/94 MP: 22/22
 11282 | D:10     | Noticed a broodmother
 11296 | D:10     | Noticed a satyr
 11296 | D:10     | a broodmother changed into a satyr
 11305 | D:10     | Killed a satyr
 11655 | D:10     | Noticed an eight-headed hydra
 11667 | D:10     | Killed an eight-headed hydra
 11918 | D:10     | Learned a level 4 spell: Petrify
 12396 | D:10     | Identified the +4 ring mail of the Tundras {rPois rN+}
 12407 | D:10     | Learned a level 3 spell: Vampiric Draining
 12635 | D:11     | Reached skill level 10 in Polearms
 12635 | D:11     | Reached skill level 10 in Dodging
 12682 | D:11     | Noticed a two-headed ogre
 12691 | D:11     | Killed a two-headed ogre
 12949 | D:11     | Noticed a two-headed ogre
 12953 | D:11     | Killed a two-headed ogre
 13514 | Lair:1   | Entered Level 1 of the Lair of Beasts
 13622 | Lair:1   | Noticed a boulder beetle
 13645 | Lair:1   | Killed a boulder beetle
 13646 | Lair:1   | Reached XP level 13. HP: 101/101 MP: 24/24
 13801 | Lair:1   | Learned a level 5 spell: Irradiate
 13807 | Lair:1   | Learned a level 5 spell: Summon Forest
 13835 | Lair:1   | Reached ****** piety under Cheibriados
 14720 | Lair:2   | Identified the +2 robe "Quathosia" {Archmagi}
 15652 | Lair:3   | Found a staircase to the Snake Pit.
 15972 | Lair:3   | Found a staircase to the Shoals.
 16134 | Lair:3   | Reached skill level 10 in Fighting
 16134 | Lair:3   | Reached skill level 10 in Throwing
 16134 | Lair:3   | Reached XP level 14. HP: 103/110 MP: 20/26
 17369 | Lair:4   | Reached skill level 10 in Invocations
 18022 | Lair:5   | Found a viscous altar of Jiyva.
 18022 | Lair:5   | Found a staircase to the Slime Pits.
 18097 | Lair:5   | Found a dark tunnel.
 18106 | Volcano  | Entered a volcano
 18254 | Volcano  | Paralysed by an orc sorcerer for 4 turns
 18262 | Volcano  | Found a radiant altar of Vehumet.
 19003 | Lair:5   | Learned a level 6 spell: Iron Shot
 19496 | Lair:6   | Entered Level 6 of the Lair of Beasts
 19795 | Lair:6   | Reached XP level 15. HP: 117/117 MP: 28/28
 20093 | Lair:6   | Identified the +10 short sword of Zackutis {flame, Stlth+}
 20106 | Lair:6   | Gained mutation: Your body sometimes deteriorates upon
                  | taking damage. [mutagenic glow]
 20225 | Lair:6   | Found a corrupted altar of Lugonu.
 20225 | Lair:6   | Found a one-way gate to the infinite horrors of the Abyss.
 20321 | Lair:6   | Reached skill level 10 in Short Blades
 20321 | Lair:6   | Reached skill level 10 in Long Blades
 20321 | Lair:6   | Reached skill level 10 in Axes
 20321 | Lair:6   | Reached skill level 10 in Maces & Flails
 20321 | Lair:6   | Reached skill level 10 in Staves
 20321 | Lair:6   | Reached skill level 10 in Slings
 20321 | Lair:6   | Reached skill level 10 in Bows
 20321 | Lair:6   | Reached skill level 10 in Crossbows
 20321 | Lair:6   | Reached skill level 10 in Armour
 20321 | Lair:6   | Reached skill level 10 in Stealth
 20321 | Lair:6   | Reached skill level 10 in Shields
 20321 | Lair:6   | Reached skill level 10 in Unarmed Combat
 20321 | Lair:6   | Reached skill level 10 in Spellcasting
 20321 | Lair:6   | Reached skill level 10 in Evocations
 20518 | Lair:6   | Found a runed translucent gate.
 20521 | Lair:6   | Found a runed translucent gate.
 20521 | Lair:6   | Found a runed translucent gate.
 20800 | Lair:6   | Noticed pigah's ghost (journeyman OpAE)
 21476 | Lair:6   | Learned a level 5 spell: Fireball
 21498 | Lair:6   | Got the ring of Xisif {Fire Dex+4}
 21926 | Orc:1    | Entered Level 1 of the Orcish Mines
 22192 | Orc:1    | You fall into a shaft and drop 1 floor!
 22192 | Orc:2    | Entered Level 2 of the Orcish Mines
 22693 | Orc:1    | Noticed Nergalle
 22701 | Orc:1    | Killed Nergalle
 22961 | Orc:2    | Found a staircase to the Elven Halls.
 23013 | Orc:2    | Found Itenteta's Magic Scroll Shop.
 23013 | Orc:2    | Found Syoluste's Distillery.
 23016 | Orc:2    | Found Ucoodikeah's Magic Scroll Shop.
 23016 | Orc:2    | Found Buehempi's Antique Armour Boutique.
 23051 | Orc:2    | Bought a potion of mutation for 88 gold pieces
 23051 | Orc:2    | Lost mutation: Your body sometimes deteriorates upon taking
                  | damage. [potion of mutation]
 23051 | Orc:2    | Gained mutation: You tend to lose your temper in combat.
                  | [potion of mutation]
 23051 | Orc:2    | Gained mutation: You have large cloven feet. [potion of
                  | mutation]
 23051 | Orc:2    | Gained mutation: You are agile. (Dex +2) [potion of
                  | mutation]
 23791 | D:12     | Found a transporter.
 23796 | D:12     | Found a bloodstained altar of Trog.
 23822 | D:12     | Noticed Kemec's ghost (journeyman DjCj)
 23835 | D:12     | Found a transporter.
 23858 | D:12     | Noticed Sonja
 23866 | D:12     | Killed Sonja
 24357 | D:12     | Reached XP level 16. HP: 92/126 MP: 19/30
 24364 | D:12     | Killed Kemec's ghost
 25749 | D:13     | Found a gate to the Vaults.
 25995 | D:13     | Learned a level 2 spell: Ensorcelled Hibernation
 26197 | D:13     | Lost mutation: You tend to lose your temper in combat.
                  | [potion of mutation]
 26197 | D:13     | Lost mutation: You have large cloven feet. [potion of
                  | mutation]
 26197 | D:13     | Gained mutation: Your spells are a little harder to cast,
                  | but a little more powerful. [potion of mutation]
 26998 | D:14     | Noticed Josephine
 27004 | D:14     | Killed Josephine
 27199 | D:15     | Entered Level 15 of the Dungeon
 27201 | D:15     | Noticed Azrael
 27210 | D:15     | Noticed Rupert
 27240 | D:14     | Killed Rupert
 27439 | D:14     | HP: 1/127 [Azrael/fireball (19)]
 27439 | D:14     | Killed from afar by Azrael

Illustrated notes

Levels and vault maps discovered:
D:1:      lightli_arrival_farm, layout_loops_corners, serial_shops,
          nicolae_shop_stone, hellmonk_ecumenical_altar_run_dry,
          minmay_pentomino_o2
D:2:      layout_basic, kennysheep_generic_room_6
D:3:      layout_loops_corners, pf_guarded_unrand_woodcutter, uniq_ijyb,
          uniq_sigmund
D:4:      layout_basic, lemuel_temple_firewalk_b, chequers_serial_rivers_micro_d
D:5:      layout_loops_ring, nzn_wu_jian_contemplation, serial_shops,
          nicolae_shop_behind_doors, shop, shop, uniq_prince_ribbit1
D:6:      layout_basic
D:7:      layout_rooms, hangedman_minor_gate_pass, uniq_crazy_yiuf_cottage
D:8:      layout_loops_ring, erik_lair_island, serial_shops, shop
D:9:      layout_cave_pods, david_orc_5
D:10:     minmay_the_grid_triangle_9x9_recursive_2
          [minmay_the_grid_triangle_9x9_prize_insulated,
          minmay_the_grid_triangle_9x9_descending_squares,
          minmay_the_grid_triangle_9x9_checkered,
          minmay_the_grid_triangle_9x9_alien], layout_loops_ring, enter_bailey_6
D:11:     layout_irregular_city
D:12:     layout_roguey, gammafunk_ghost_wrathful_warriors, uniq_sonja
D:13:     minmay_thinvault, layout_basic, hangedman_vaults_entry_quadrant_bands
D:14:     layout_loops_cross, serial_bayou_shore_a, uniq_josephine
D:15:     gammafunk_enter_depths_forms, layout_loops_cross,
          hangedman_decor_lopped, uniq_roxanne, uniq_louise, uniq_rupert,
          uniq_azrael
Temple:   nicolae_temple_the_god_donut
Lair:1:   layout_cave_pods, nicolae_quartered_pool_medium, nzn_sisyphean_effort,
          infiniplex_staircase_pool_2
Lair:2:   layout_chaotic_city, hibernation_bobbens
Lair:3:   layout_small_grid, elwin_shoals_entry_rooms,
          minmay_snake_entry_six_corridors, special_room [special_room_bee]
Lair:4:   layout_regular_city
Lair:5:   layout_cave_pods, dpeg_slime_entry_enclosed_altar,
          nicolae_volcano_entry_lava_flow
Lair:6:   hellmonk_lair_end_abyssal_woods, layout_regular_city,
          gammafunk_ghost_icy
Orc:1:    layout_diamond_mine, uniq_nergalle
Orc:2:    st_orc_mages, layout_caves, minmay_orc_temple_b

Skill      XL: |  1  2  3  4  5  6  7  8  9 10 11 12 13 14 15 16 |
---------------+-------------------------------------------------+-----
Invocations    | 1 2 3 4 5 6 7 8 9 10 11 | 11.9
Short Blades   | 1 2 3 4 5 6 7 8 9 10 11 | 11.0
Long Blades    | 1 2 3 4 5 6 7 8 9 10 11 | 11.0
Axes           | 1 2 3 4 5 6 7 8 9 10 11 | 11.0
Maces & Flails | 1 2 3 4 5 6 7 8 9 10 11 | 11.0
Staves         | 1 2 3 4 5 6 7 8 9 10 11 | 11.0
Slings         | 1 2 3 4 5 6 7 8 9 10 11 | 11.0
Bows           | 1 2 3 4 5 6 7 8 9 10 11 | 11.0
Crossbows      | 1 2 3 4 5 6 7 8 9 10 11 | 11.0
Armour         | 1 2 3 4 5 6 7 8 9 10 11 | 11.0
Stealth        | 1 2 3 4 5 6 7 8 9 10 11 | 11.0
Shields        | 1 2 3 4 5 6 7 8 9 10 11 | 11.0
Unarmed Combat | 1 2 3 4 5 6 7 8 9 10 11 | 11.0
Spellcasting   | 1 2 3 4 5 6 7 8 9 10 11 | 11.0
Evocations     | 1 2 3 4 5 6 7 8 9 10 11 | 11.0
Conjurations   | 1 2 3 4 5 6 7 8 9 |  9.2
Hexes          | 1 2 3 4 5 6 7 8 9 |  9.2
Summonings     | 1 2 3 4 5 6 7 8 9 |  9.2
Necromancy     | 1 2 3 4 5 6 7 8 9 |  9.2
Translocations | 1 2 3 4 5 6 7 8 9 |  9.2
Transmutations | 1 2 3 4 5 6 7 8 9 |  9.2
Fire Magic     | 1 2 3 4 5 6 7 8 9 |  9.2
Ice Magic      | 1 2 3 4 5 6 7 8 9 |  9.2
Air Magic      | 1 2 3 4 5 6 7 8 9 |  9.2
Earth Magic    | 1 2 3 4 5 6 7 8 9 |  9.2
Poison Magic   | 1 2 3 4 5 6 7 8 9 |  9.2
Fighting       | 5 6 7 8 9 10 11 | 11.9
Throwing       | 5 6 7 8 9 10 11 | 11.9
Polearms       | 7 8 9 10 11 12 | 12.7
Dodging        | 7 8 9 10 11 12 | 12.7

Action                   |  1- 3 |  4- 6 |  7- 9 | 10-12 | 13-15 | 16-18 || total
-------------------------+-------+-------+-------+-------+-------+-------++-------
Melee: Trident           |    57 |       |       |       |     6 |       ||    63
       Bite              |     7 |     4 |     8 |    70 |   115 |    32 ||   236
       Short sword       |    27 |       |       |       |       |       ||    27
       Bardiche          |    23 |    65 |   163 |   433 |   877 |   227 ||  1788
       Whip              |       |       |       |    15 |       |       ||    15
       Punch             |       |       |       |     1 |     2 |       ||     3
       Broad axe         |       |       |       |       |    11 |     1 ||    12
Throw: Throwing net      |     1 |       |       |       |       |       ||     1
       Dart              |       |       |       |       |     4 |       ||     4
 Cast: Shock             |       |       |     4 |       |     3 |       ||     7
       Irradiate         |       |       |       |       |    20 |     3 ||    23
       Summon Forest     |       |       |       |       |     5 |       ||     5
       Vampiric Draining |       |       |       |       |     5 |     4 ||     9
       Fireball          |       |       |       |       |     8 |       ||     8
       Iron Shot         |       |       |       |       |     5 |     2 ||     7
Invok: Step From Time    |       |       |       |       |     1 |       ||     1
 Abil: Evoke Blink       |       |       |       |     1 |       |       ||     1
Evoke: Wand              |       |     2 |     8 |     5 |       |       ||    15
  Use: Scroll            |     6 |       |     4 |    24 |    11 |     6 ||    51
       Potion            |       |       |       |     8 |    14 |     3 ||    25
 Stab: Sleeping          |     6 |     2 |     9 |    15 |    45 |    14 ||    91
       Held in net/web   |     1 |       |       |       |       |       ||     1
       Distracted        |       |       |       |     4 |    14 |     4 ||    22
       Petrified         |       |       |       |       |     2 |       ||     2
       Fleeing           |       |       |       |       |       |     1 ||     1
Armor: Leather armour    |    22 |     5 |       |    24 |       |       ||    51
       Ring mail         |       |    10 |    77 |   111 |   454 |    98 ||   750
Dodge: Dodged            |    59 |    42 |   188 |   569 |  1478 |   326 ||  2662
Block: Other             |       |       |       |       |    25 |    62 ||    87
       Kite shield       |       |       |       |       |     4 |       ||     4
       Reflection        |       |       |       |       |       |     7 ||     7

Table legend: (Time is in decaauts)
 A = Elapsed time spent in this place.
 B = Non-inter-level travel time spent in this place.
 C = Inter-level travel time spent in this place.
 D = Time resting spent in this place.
 E = Time spent auto-exploring this place.
 F = Levels seen in this place.
 G = Mean time per level.
                   A        B        C        D        E       F      G
               +--------+--------+--------+--------+--------+-----+--------+
         Total |  40055 |  36525 |   3530 |   4250 |  25244 |  26 | 1540.6 |
       Dungeon |  22489 |  20477 |   2012 |   2554 |  14574 |  15 | 1499.3 |
        Temple |    324 |    256 |     68 |      0 |    228 |   1 |  324.0 |
          Lair |  13250 |  12179 |   1071 |   1156 |   8747 |   6 | 2208.3 |
  Orcish Mines |   2608 |   2230 |    378 |     73 |   1415 |   2 | 1304.0 |
        Bailey |    788 |    788 |      0 |    350 |    135 |   1 |  788.0 |
       Volcano |    594 |    594 |      0 |    115 |    144 |   1 |  594.0 |
               +--------+--------+--------+--------+--------+-----+--------+

Top non-repeatable levels by time:
  Lair:6: 3412 daAuts
    D:10: 2678 daAuts
    D:13: 2582 daAuts
  Lair:3: 2325 daAuts
  Lair:4: 2031 daAuts
  Lair:5: 2026 daAuts
     D:9: 1868 daAuts
  Lair:1: 1754 daAuts
    D:14: 1708 daAuts
  Lair:2: 1700 daAuts
    D:11: 1613 daAuts
    D:12: 1599 daAuts
     D:3: 1556 daAuts
     D:1: 1471 daAuts
     D:8: 1455 daAuts
